 Dungeon Crawl Stone Soup version 0.23.2-1-ga50397a (webtiles) character file.

Game seed: 13487279957880536848

139 troglodite the Grave Robber (level 5, 0/37 HPs)
             Began as a Mummy Necromancer on May 28, 2019.
             Slain by a bullfrog skeleton (2 damage)
             ... on level 4 of the Dungeon.
             The game lasted 00:09:01 (2277 turns).

troglodite the Grave Robber (Mummy Necromancer)     Turns: 2277, Time: 00:09:01

Health: 0/37       AC:  7    Str: 12    XL:     5   Next: 1%
Magic:  20/20      EV: 11    Int: 14    God:
Gold:   173        SH:  0    Dex: 13    Spells: 3/12 levels left

rFire    x . .     SeeInvis .   e - +0 hand axe
rCold    + . .     Gourm    .   (no shield)
rNeg     + + +     Faith    .   g - +2 ring mail {MR+}
rPois    ∞         Spirit   .   (no helmet)
rElec    .         Reflect  .   (no cloak)
rCorr    .         Harm     .   (no gloves)
MR       +....                  (no boots)
Stlth    +.........             (no amulet)
HPRegen  0.12/turn              d - ring of magical power
MPRegen  0.17/turn              (no ring)

@: no status effects
A: no food or potions, fire vulnerability, cold resistance 1, negative energy
resistance 3, torment resistance, unbreathing
a: no special abilities


You were on level 4 of the Dungeon.
You were not hungry.

You visited 1 branch of the dungeon, and saw 4 of its levels.

You collected 173 gold pieces.

Inventory:

Hand Weapons
 e - a +0 hand axe (weapon)
 f - a +0 club
Missiles
 i - 24 sling bullets
 k - 38 stones (quivered)
Armour
 g - a +2 ring mail of magic resistance (worn)
Jewellery
 d - a ring of magical power (left hand)
Scrolls
 a - a scroll of immolation {unknown}
 b - 3 scrolls of identify {unknown}
 c - a scroll of remove curse {unknown}
 h - a scroll of blinking {unknown}
 j - a scroll of teleportation {unknown}
 l - a scroll of noise {unknown}
 m - a scroll of random uselessness {unknown}


   Skills:
 * Level 1.2 Fighting
 + Level 0.2 Armour
 * Level 1.9 Dodging
 * Level 2.0 Stealth
 * Level 4.1 Spellcasting
 * Level 5.0 Necromancy


You had 3 spell levels left.
You knew the following spells:

 Your Spells              Type           Power        Failure   Level  Hunger
a - Pain                  Necr           ###.         5%          1    N/A
b - Animate Skeleton      Necr           N/A          5%          1    N/A
c - Vampiric Draining     Necr           ###.......   16%         3    N/A
d - Animate Dead          Necr           N/A          47%         4    N/A

Your spell library contained the following spells:

 Spells                   Type           Power        Failure   Level  Hunger
 Regeneration             Chrm/Necr      Unusable     N/A         3    N/A

Dungeon Overview and Level Annotations

Branches:
Dungeon (4/15)
 Temple: D:4-7

Altars:
Ashenzari
Dithmenos
Elyvilon
Nemelex Xobeh
Okawaru
Qazlal
Ru

Annotations:
D:3 Sigmund


Innate Abilities, Weirdness & Mutations

You do not eat or drink.
Your flesh is vulnerable to fire.
You are immune to poison.
Your flesh is cold resistant. (rC+)
You are immune to negative energy. (rN+++)
You are immune to unholy pain and torment.
You can survive without breathing.


Message History

* * * LOW HITPOINT WARNING * * *
You hit the bullfrog skeleton.
The bullfrog skeleton is heavily damaged.
The bullfrog skeleton hits you but does no damage. x2
You barely miss the bullfrog skeleton.
The bullfrog skeleton is heavily damaged.
The bullfrog skeleton hits you.
* * * LOW HITPOINT WARNING * * *
The bullfrog skeleton completely misses you.
There is a stone staircase leading up here.
The bullfrog skeleton hits you but does no damage.
The bullfrog skeleton completely misses you.
The bullfrog skeleton hits you but does no damage.
The bullfrog skeleton hits you.
* * * LOW HITPOINT WARNING * * *
The bullfrog skeleton hits you.
* * * LOW HITPOINT WARNING * * *
The bullfrog skeleton closely misses you.
The bullfrog skeleton hits you.
You die...

###.####....##..
................
#.........
#.........
#<........
#.....###
##.##.# #.##.#
#####.Z@.#
#........#
#.#####.## #.#
#.# #.#####.#
#.......#
#########


You could see a bullfrog skeleton.

Vanquished Creatures
  Jessica (D:2)
  Natasha (thrice) (D:2)
  2 adders
  An ooze (D:2)
  2 bats
  A giant cockroach (D:1)
  2 goblins
  2 hobgoblins
  A ball python (D:2)
  A frilled lizard (D:2)
  4 kobolds
  6 rats
26 creatures vanquished.

Notes
Turn   | Place    | Note
-------+----------+-------------------------------------------
     0 | D:1      | troglodite the Mummy Necromancer began the quest for the
                  | Orb.
     0 | D:1      | Reached XP level 1. HP: 13/13 MP: 4/4
   594 | D:1      | Found a shattered altar of Ashenzari.
   912 | D:2      | Reached XP level 2. HP: 20/20 MP: 4/5
   916 | D:2      | Learned a level 1 spell: Animate Skeleton
   972 | D:2      | Found a sacrificial altar of Ru.
  1041 | D:2      | Noticed Jessica
  1046 | D:2      | Killed Jessica
  1046 | D:2      | Reached XP level 3. HP: 25/25 MP: 7/7
  1058 | D:2      | Learned a level 3 spell: Vampiric Draining
  1076 | D:2      | Found a stormy altar of Qazlal.
  1341 | D:2      | Noticed Natasha
  1349 | D:2      | Killed Natasha
  1349 | D:2      | Reached skill level 1 in Fighting
  1349 | D:2      | Reached XP level 4. HP: 16/32 MP: 9/9
  1557 | D:2      | Learned a level 4 spell: Animate Dead
  1664 | D:2      | Noticed Natasha
  1675 | D:2      | Killed Natasha
  1829 | D:2      | Noticed Natasha
  1836 | D:2      | Killed Natasha
  1836 | D:2      | Reached skill level 5 in Necromancy
  1974 | D:3      | Found a white marble altar of Elyvilon.
  2022 | D:3      | Reached XP level 5. HP: 37/37 MP: 11/11
  2027 | D:3      | Found an iron altar of Okawaru.
  2142 | D:3      | Found a shadowy altar of Dithmenos.
  2173 | D:3      | Found a sparkling altar of Nemelex Xobeh.
  2183 | D:3      | Noticed Sigmund
  2271 | D:4      | HP: 1/37 [bullfrog skeleton (3)]
  2277 | D:4      | Slain by a bullfrog skeleton

Skill      XL: |  1  2  3  4 |
---------------+-------------+-----
Spellcasting   | 3 4 |  4.1
Fighting       | 1 |  1.2
Stealth        | 2 |  2.0
Necromancy     | 5 |  5.0
Armour         | |  0.2
Dodging        | |  1.9

Action                   |  1- 3 |  4- 6 || total
-------------------------+-------+-------++-------
Melee: Hand axe          |       |    26 ||    26
 Cast: Pain              |    35 |    13 ||    48
       Animate Skeleton  |       |     2 ||     2
       Vampiric Draining |       |     1 ||     1
 Stab: Sleeping          |       |     1 ||     1
Armor: Robe              |     1 |       ||     1
       Ring mail         |       |    19 ||    19
Dodge: Dodged            |     7 |    21 ||    28
